AoeStats
← MagniX

Arabia

504567315Analyzed
1v1 RM · 27d ago on Sep 5, 2026· 52m 26s· 2 players
Game mode
Random Map
Map size
Tiny (2 player)
Population
200
Speed
Normal
Resources
Standard
Victory
Conquest
Starting age
Dark Age
Ending age
Imperial Age
RankedLock teamsTeams togetherTeam positionsShared explorationLock speedFull tech treeHidden civsTurbo modeCheats
Victory
Defeat
🇮🇹 Magyars · Italy
832
+15
🇹🇷 Franks · Türkiye
815
-15
oduncu
4:48 Loom
9:37 Feudal Age
18:11 Castle Age
16:16 Double-Bit Axe
19:11 Husbandry
31:38 Imperial Age
33:29 Imperial Age
32:53 Scale Barding Armor
33:43 Forging
33:34 Cavalier
36:30 Chain Barding Armor
36:46 Iron Casting
38:14 Chemistry
37:35 Ballistics
38:15 Paladin
45:34 Elite Skirmisher
MagniX
6:33 Loom
9:20 Feudal Age
9:50 Double-Bit Axe
13:14 Horse Collar
19:06 Castle Age
18:05 Padded Archer Armor
17:55 Fletching
19:23 Wheelbarrow
18:33 Town Watch
19:53 Bloodlines
20:20 Bow Saw
22:18 Bodkin Arrow
24:13 Leather Archer Armor
25:53 Ballistics
25:26 Town Watch
25:52 Heavy Plow
26:44 Bloodlines
26:34 Light Cavalry
28:17 Husbandry
34:25 Imperial Age
33:20 Hand Cart
33:05 Town Patrol
35:37 Heavy Cavalry Archer
36:44 Parthian Tactics
36:36 Scale Barding Armor
37:02 Ring Archer Armor
36:32 Bracer
37:57 Chemistry
39:33 Crop Rotation
40:04 Two-Man Saw
38:57 Gold Mining
38:58 Stone Mining
39:36 Pikeman
40:40 Halberdier
44:12 Capped Ram
53:12 Chain Barding Armor
Connection lost

Rejoining the realm…

Still unreachable

The connection could not be restored.

Session expired

The server has moved on; the page needs a fresh start.